[ AOE2 MATCH · #473703438 ]
UnrankedJapanese vs Goths
[ REPLAY ANALYSIS · EXTRACTED FROM THE RECORDED GAME ]
Feudal
9:35
Castle
23:19
Imperial
31:47
| APM avg | 40.4 |
| APM peak | 80 |
| eAPM avg | 15.6 |
| Villagers / military | 73 / 30 |
Focus
⚔️ 29.8% · 🌾 70.2%
Skirmisher ×12 · Archer ×11 · Militia ×4 · Cavalry Archer ×3
Feudal
11:37
Castle
16:18
Imperial
29:32
| APM avg | 29.7 |
| APM peak | 73 |
| eAPM avg | 18.8 |
| Villagers / military | 176 / 112 |
Focus
⚔️ 21.9% · 🌾 78.1%
Knight ×112
Feudal
10:06
Castle
14:01
Imperial
27:38
| APM avg | 32.2 |
| APM peak | 79 |
| eAPM avg | 20.4 |
| Villagers / military | 121 / 174 |
Focus
⚔️ 39.1% · 🌾 60.9%
Huskarl ×97 · Spearman ×77
Feudal
11:00
Castle
15:01
Imperial
24:12
| APM avg | 28.1 |
| APM peak | 73 |
| eAPM avg | 12.4 |
| Villagers / military | 77 / 34 |
Focus
⚔️ 28.6% · 🌾 71.4%
Longbowman ×30 · Trebuchet (Packed) ×4
Feudal
10:42
Castle
17:54
Imperial
29:21
| APM avg | 24.3 |
| APM peak | 64 |
| eAPM avg | 13.7 |
| Villagers / military | 87 / 64 |
Focus
⚔️ 28.8% · 🌾 71.2%
Plumed Archer ×60 · Trebuchet (Packed) ×4
Feudal
10:53
Castle
14:31
Imperial
26:14
| APM avg | 47.8 |
| APM peak | 77 |
| eAPM avg | 21.1 |
| Villagers / military | 66 / 37 |
Focus
⚔️ 34.6% · 🌾 65.4%
Janissary ×32 · Bombard Cannon ×5
Match map
Initial resources + every placement click. Lines = walls · curves = elevation contours. ◆ gold · ⬟ stone · ● berries · ✦ relic · ◌ wall gap
Your base· ✓ Closed at 23:19 · 10t walls · 2 gate(s)
ZZswitch's base· ✓ Closed at 16:18 · 0t walls · 1 gate(s)
Lukas_AoE's base· ✓ Closed at 14:01 · 18t walls · no gate
Ponfe's base· ✓ Closed at 15:01 · 16t walls · 1 gate(s)
WARChris's base· ✓ Closed at 17:54 · 32t walls · no gate
Tigry's base· ✓ Closed at 14:31 · 9t walls · 1 gate(s)
Smoothed initial terrain · ◌ = detected wall gap · hover for details
Inputs per minute
— U Have Brain Lag - - ZZswitch
Build order — U Have Brain Lag
First 150 of 211 actions detected
| 0:01 | Create | Villager (Male) |
| 0:02 | Create | Villager (Male) |
| 0:02 | Create | Villager (Male) |
| 0:02 | Create | Villager (Male) |
| 0:03 | Build | House |
| 0:04 | Build | House |
| 1:35 | Create | Villager (Male) |
| 1:48 | Build | Lumber Camp |
| 2:04 | Create | Villager (Male) |
| 2:29 | Create | Villager (Male) |
| 2:55 | Create | Villager (Male) |
| 3:16 | Create | Villager (Male) |
| 3:47 | Create | Villager (Male) |
| 3:49 | Build | House |
| 4:10 | Create | Villager (Male) |
| 4:43 | Create | Villager (Male) |
| 4:43 | Create | Villager (Male) |
| 5:00 | Build | Mill |
| 5:12 | Create | Villager (Male) |
| 5:32 | Build | House |
| 5:33 | Build | House |
| 6:06 | Create | Villager (Male) |
| 6:07 | Create | Villager (Male) |
| 6:11 | Create | Villager (Male) |
| 6:32 | Build | Barracks |
| 6:36 | Build | Mining Camp |
| 7:04 | Build | House |
| 7:05 | Build | House |
| 7:25 | Research | Feudal Age |
| 7:37 | Create | Militia |
| 7:45 | Build | Palisade Wall |
| 7:54 | Create | Militia |
| 7:55 | Create | Militia |
| 8:07 | Build | Lumber Camp |
| 8:29 | Create | Militia |
| 8:50 | Create | Villager (Male) |
| 9:08 | Build | Palisade Gate |
| 9:35 | Age | Feudal Age |
| 9:39 | Research | Man-at-Arms (upgrade) |
| 9:51 | Build | Archery Range |
| 10:01 | Research | Arson |
| 10:15 | Create | Villager (Male) |
| 10:52 | Build | Archery Range |
| 10:57 | Build | Gate |
| 11:01 | Create | Villager (Male) |
| 11:14 | Create | Archer |
| 11:22 | Create | Archer |
| 11:22 | Create | Villager (Male) |
| 11:34 | Create | Villager (Male) |
| 12:08 | Create | Archer |
| 12:25 | Create | Archer |
| 12:26 | Create | Villager (Male) |
| 12:46 | Create | Archer |
| 12:46 | Create | Archer |
| 12:47 | Create | Villager (Male) |
| 12:53 | Build | Blacksmith |
| 12:56 | Build | Market |
| 13:24 | Create | Archer |
| 13:25 | Create | Villager (Male) |
| 13:29 | Build | House |
| 13:30 | Build | House |
| 13:31 | Build | House |
| 13:36 | Build | House |
| 13:36 | Build | House |
| 13:39 | Create | Villager (Male) |
| 14:09 | Create | Villager (Male) |
| 14:40 | Create | Villager (Male) |
| 14:42 | Create | Archer |
| 14:42 | Create | Archer |
| 14:44 | Create | Archer |
| 14:44 | Create | Archer |
| 14:48 | Build | Farm |
| 15:28 | Create | Villager (Male) |
| 15:30 | Research | Double-Bit Axe |
| 16:05 | Create | Villager (Male) |
| 16:05 | Create | Villager (Male) |
| 16:44 | Research | Fletching |
| 16:44 | Create | Villager (Male) |
| 17:19 | Create | Villager (Male) |
| 17:22 | Research | Horse Collar |
| 17:24 | Build | Farm |
| 17:24 | Build | Farm |
| 17:26 | Build | Farm |
| 17:26 | Build | Farm |
| 17:27 | Build | Farm |
| 17:30 | Build | Farm |
| 17:32 | Build | Farm |
| 17:33 | Build | Farm |
| 17:36 | Build | Mining Camp |
| 17:38 | Create | Villager (Male) |
| 17:47 | Build | Farm |
| 17:54 | Build | Farm |
| 17:57 | Build | Farm |
| 18:25 | Create | Villager (Male) |
| 18:30 | Build | Farm |
| 18:31 | Build | Farm |
| 18:54 | Create | Villager (Male) |
| 18:54 | Create | Villager (Male) |
| 18:58 | Build | Farm |
| 19:02 | Build | Farm |
| 19:03 | Build | Farm |
| 19:10 | Create | Villager (Male) |
| 19:23 | Create | Villager (Male) |
| 20:03 | Build | Farm |
| 20:05 | Build | Farm |
| 20:08 | Build | Farm |
| 20:39 | Research | Castle Age |
| 21:31 | Create | Villager (Male) |
| 23:19 | Age | Castle Age |
| 23:32 | Build | Castle |
| 23:33 | Research | Bodkin Arrow |
| 23:41 | Create | Villager (Male) |
| 23:45 | Research | Bow Saw |
| 23:47 | Research | Heavy Plow |
| 23:50 | Research | Gold Mining |
| 23:51 | Research | Stone Mining |
| 23:55 | Build | Farm |
| 23:57 | Build | Farm |
| 23:59 | Create | Villager (Male) |
| 24:11 | Build | University |
| 24:14 | Build | House |
| 24:15 | Build | House |
| 24:18 | Build | House |
| 24:18 | Build | House |
| 24:22 | Build | House |
| 24:23 | Build | House |
| 24:23 | Build | House |
| 24:31 | Create | Villager (Male) |
| 24:34 | Research | Crossbowman (upgrade) |
| 25:03 | Create | Villager (Male) |
| 25:04 | Create | Villager (Male) |
| 25:08 | Build | Town Center |
| 25:13 | Create | Villager (Male) |
| 25:49 | Create | Villager (Male) |
| 26:33 | Create | Villager (Male) |
| 26:34 | Create | Villager (Male) |
| 27:03 | Build | Farm |
| 27:04 | Build | Farm |
| 27:09 | Build | Farm |
| 27:14 | Build | Farm |
| 27:19 | Build | Farm |
| 27:21 | Create | Villager (Male) |
| 27:21 | Create | Villager (Male) |
| 27:22 | Create | Villager (Male) |
| 27:24 | Create | Villager (Male) |
| 27:24 | Create | Villager (Male) |
| 27:28 | Build | Farm |
| 27:31 | Build | Farm |
| 27:33 | Build | Farm |
| 27:42 | Build | Farm |
Build order — ZZswitch
First 150 of 293 actions detected
| 0:02 | Create | Villager (Male) ×5 |
| 0:03 | Build | House |
| 0:05 | Build | House |
| 1:23 | Create | Villager (Male) |
| 1:23 | Create | Villager (Male) |
| 1:44 | Build | Lumber Camp |
| 1:58 | Create | Villager (Male) |
| 2:17 | Create | Villager (Male) |
| 2:47 | Create | Villager (Male) |
| 2:47 | Create | Villager (Male) |
| 3:07 | Create | Villager (Male) |
| 3:21 | Build | House |
| 3:40 | Create | Villager (Male) |
| 3:40 | Create | Villager (Male) |
| 3:52 | Build | House |
| 3:57 | Create | Villager (Male) |
| 4:37 | Create | Villager (Male) ×2 |
| 4:56 | Build | Mill |
| 5:08 | Create | Villager (Male) |
| 5:10 | Create | Villager (Male) |
| 5:40 | Create | Villager (Male) |
| 5:52 | Create | Villager (Male) ×2 |
| 6:03 | Build | House |
| 6:22 | Build | House |
| 6:29 | Build | Palisade Gate |
| 6:30 | Create | Villager (Male) |
| 6:59 | Build | House |
| 6:59 | Build | House |
| 7:00 | Build | House |
| 7:20 | Create | Villager (Male) ×5 |
| 7:38 | Build | Lumber Camp |
| 8:11 | Build | Mining Camp |
| 8:41 | Research | Feudal Age |
| 9:27 | Build | Barracks |
| 9:29 | Create | Villager (Male) |
| 9:29 | Create | Villager (Male) |
| 11:37 | Age | Feudal Age |
| 12:10 | Build | Market |
| 12:16 | Build | Blacksmith |
| 12:22 | Research | Double-Bit Axe |
| 12:26 | Research | Horse Collar |
| 12:29 | Build | Farm |
| 12:30 | Build | Farm |
| 12:33 | Build | Farm |
| 12:35 | Build | Farm |
| 12:35 | Build | Farm |
| 12:38 | Build | Farm |
| 13:22 | Build | Farm |
| 13:32 | Build | Farm |
| 13:35 | Build | Farm |
| 13:53 | Research | Castle Age |
| 15:45 | Build | Farm |
| 15:47 | Build | Farm |
| 16:18 | Age | Castle Age |
| 16:20 | Build | Town Center |
| 16:24 | Build | Town Center |
| 16:31 | Build | Town Center |
| 16:38 | Research | Wheelbarrow |
| 16:41 | Create | Villager (Male) ×5 |
| 16:41 | Create | Villager (Male) ×5 |
| 17:23 | Create | Villager (Male) ×5 |
| 17:35 | Create | Villager (Male) |
| 17:35 | Create | Villager (Male) |
| 17:53 | Create | Villager (Male) |
| 17:53 | Create | Villager (Male) |
| 17:54 | Create | Villager (Male) ×5 |
| 17:59 | Research | Bow Saw |
| 18:08 | Research | Heavy Plow |
| 18:10 | Create | Villager (Male) ×2 |
| 18:20 | Build | Farm |
| 18:23 | Create | Villager (Male) |
| 18:32 | Create | Villager (Male) |
| 18:39 | Build | Farm |
| 18:53 | Create | Villager (Male) |
| 18:58 | Create | Villager (Male) |
| 18:58 | Create | Villager (Male) |
| 18:59 | Build | Farm |
| 19:03 | Build | Farm |
| 19:05 | Build | Farm |
| 19:08 | Build | Farm |
| 19:27 | Build | Farm |
| 19:27 | Create | Villager (Male) ×2 |
| 19:28 | Create | Villager (Male) ×2 |
| 19:30 | Build | Farm |
| 19:34 | Build | Farm |
| 19:35 | Build | Farm |
| 19:37 | Build | Farm |
| 19:39 | Build | Farm |
| 19:40 | Create | Villager (Male) ×2 |
| 19:49 | Build | Farm |
| 19:49 | Build | Farm |
| 19:49 | Build | Farm |
| 19:52 | Build | Farm |
| 19:53 | Create | Villager (Male) |
| 19:53 | Create | Villager (Male) |
| 19:58 | Build | Farm |
| 20:02 | Create | Villager (Male) |
| 20:04 | Create | Villager (Male) |
| 20:04 | Create | Villager (Male) |
| 20:08 | Build | Farm |
| 20:10 | Build | Farm |
| 20:11 | Create | Villager (Male) |
| 20:12 | Create | Villager (Male) |
| 20:17 | Create | Villager (Male) |
| 20:20 | Build | Farm |
| 20:23 | Create | Villager (Male) |
| 20:23 | Create | Villager (Male) |
| 20:28 | Build | Farm |
| 20:31 | Create | Villager (Male) |
| 20:33 | Create | Villager (Male) |
| 20:37 | Build | Farm |
| 20:39 | Build | Farm |
| 20:39 | Create | Villager (Male) |
| 20:40 | Create | Villager (Male) |
| 20:44 | Create | Villager (Male) |
| 20:47 | Build | Farm |
| 20:50 | Create | Villager (Male) |
| 20:55 | Build | Farm |
| 20:56 | Create | Villager (Male) |
| 20:57 | Create | Villager (Male) |
| 21:00 | Build | Farm |
| 21:02 | Build | Farm |
| 21:03 | Create | Villager (Male) |
| 21:10 | Build | Farm |
| 21:11 | Create | Villager (Male) ×2 |
| 21:11 | Create | Villager (Male) ×2 |
| 21:14 | Create | Villager (Male) |
| 21:15 | Create | Villager (Male) |
| 21:17 | Build | Farm |
| 21:18 | Create | Villager (Male) |
| 21:19 | Create | Villager (Male) |
| 21:24 | Build | House |
| 21:24 | Build | House |
| 21:24 | Build | House |
| 21:25 | Build | House |
| 21:25 | Build | House |
| 21:34 | Build | Farm |
| 21:36 | Create | Villager (Male) ×3 |
| 21:44 | Research | Hand Cart |
| 21:48 | Build | House |
| 21:48 | Build | House |
| 21:49 | Build | House |
| 21:51 | Create | Villager (Male) ×3 |
| 21:51 | Create | Villager (Male) ×3 |
| 21:59 | Create | Villager (Male) ×3 |
| 22:06 | Create | Villager (Male) |
| 22:06 | Create | Villager (Male) |
| 22:09 | Build | House |
| 22:10 | Build | House |
| 22:10 | Build | House |
Build order — Lukas_AoE
First 150 of 397 actions detected
| 0:01 | Create | Villager (Male) |
| 0:02 | Build | House |
| 0:05 | Build | House |
| 0:15 | Create | Villager (Male) |
| 0:16 | Create | Villager (Male) |
| 0:24 | Create | Villager (Male) |
| 1:24 | Create | Villager (Male) |
| 1:46 | Build | Lumber Camp |
| 2:04 | Create | Villager (Male) |
| 2:10 | Create | Villager (Male) |
| 2:31 | Create | Villager (Male) |
| 2:52 | Create | Villager (Male) |
| 3:11 | Create | Villager (Male) |
| 3:47 | Build | House |
| 4:01 | Create | Villager (Male) |
| 4:11 | Create | Villager (Male) |
| 4:17 | Build | House |
| 4:24 | Create | Villager (Male) |
| 4:32 | Build | Palisade Wall |
| 5:04 | Create | Villager (Male) |
| 5:09 | Build | Mill |
| 5:24 | Create | Villager (Male) |
| 6:03 | Create | Villager (Male) |
| 6:29 | Create | Villager (Male) |
| 7:00 | Create | Villager (Male) |
| 7:14 | Create | Villager (Male) |
| 7:36 | Build | Mining Camp |
| 7:52 | Research | Feudal Age |
| 8:10 | Create | Villager (Male) |
| 8:48 | Build | House |
| 9:25 | Create | Villager (Male) |
| 10:06 | Age | Feudal Age |
| 10:17 | Build | Market |
| 10:19 | Build | Blacksmith |
| 10:37 | Create | Villager (Male) |
| 11:06 | Create | Villager (Male) |
| 11:11 | Research | Castle Age |
| 12:01 | Create | Villager (Male) |
| 12:23 | Build | Mining Camp |
| 12:48 | Build | Palisade Wall |
| 12:58 | Build | Palisade Wall |
| 12:59 | Build | Palisade Wall |
| 12:59 | Build | Palisade Wall |
| 13:17 | Build | Palisade Wall |
| 13:21 | Create | Villager (Male) |
| 13:28 | Build | Palisade Wall |
| 13:38 | Research | Double-Bit Axe |
| 13:38 | Research | Horse Collar |
| 14:01 | Age | Castle Age |
| 14:03 | Build | Town Center |
| 14:10 | Build | Town Center |
| 14:14 | Create | Villager (Male) |
| 14:18 | Research | Bow Saw |
| 14:40 | Build | Farm |
| 14:53 | Build | Farm |
| 15:02 | Create | Villager (Male) |
| 15:05 | Create | Villager (Male) |
| 15:13 | Build | Farm |
| 15:23 | Create | Villager (Male) |
| 15:28 | Build | Farm |
| 15:31 | Build | Farm |
| 15:32 | Build | Farm |
| 15:39 | Create | Villager (Male) |
| 15:40 | Build | Farm |
| 15:46 | Build | Farm |
| 15:55 | Build | Farm |
| 15:57 | Build | Farm |
| 16:00 | Create | Villager (Male) |
| 16:05 | Build | Farm |
| 16:13 | Build | Farm |
| 16:19 | Create | Villager (Male) |
| 16:30 | Create | Villager (Male) |
| 16:34 | Build | Farm |
| 16:35 | Build | Farm |
| 16:39 | Build | Farm |
| 16:44 | Research | Loom |
| 16:46 | Create | Villager (Male) |
| 16:48 | Build | Farm |
| 16:50 | Build | Farm |
| 16:53 | Create | Villager (Male) |
| 16:57 | Create | Villager (Male) |
| 17:04 | Build | Farm |
| 17:06 | Build | Farm |
| 17:16 | Create | Villager (Male) |
| 17:18 | Build | Farm |
| 17:25 | Build | Farm |
| 17:27 | Create | Villager (Male) |
| 17:29 | Create | Villager (Male) |
| 17:33 | Build | House |
| 17:47 | Build | House |
| 17:48 | Build | House |
| 17:49 | Build | House |
| 17:50 | Build | House |
| 17:51 | Build | House |
| 17:51 | Build | House |
| 17:54 | Create | Villager (Male) |
| 17:54 | Create | Villager (Male) |
| 17:54 | Create | Villager (Male) |
| 18:11 | Build | Farm |
| 18:14 | Build | Farm |
| 18:23 | Build | Farm |
| 18:26 | Build | Farm |
| 18:29 | Create | Villager (Male) |
| 18:29 | Create | Villager (Male) |
| 18:32 | Build | Farm |
| 18:35 | Create | Villager (Male) |
| 18:39 | Build | House |
| 18:39 | Build | House |
| 18:45 | Create | Villager (Male) |
| 18:45 | Create | Villager (Male) |
| 18:55 | Build | Farm |
| 18:56 | Create | Villager (Male) |
| 18:56 | Create | Villager (Male) |
| 19:01 | Build | Farm |
| 19:02 | Create | Villager (Male) |
| 19:03 | Create | Villager (Male) |
| 19:03 | Create | Villager (Male) |
| 19:16 | Create | Villager (Male) |
| 19:16 | Create | Villager (Male) |
| 19:19 | Build | Farm |
| 19:20 | Build | Farm |
| 19:21 | Build | Farm |
| 19:38 | Research | Heavy Plow |
| 19:40 | Create | Villager (Male) |
| 19:41 | Create | Villager (Male) |
| 19:46 | Build | Farm |
| 19:52 | Create | Villager (Male) |
| 19:58 | Build | Farm |
| 19:59 | Create | Villager (Male) |
| 20:04 | Build | House |
| 20:11 | Create | Villager (Male) |
| 20:30 | Build | Farm |
| 20:31 | Create | Villager (Male) |
| 20:32 | Create | Villager (Male) |
| 20:39 | Build | House |
| 20:40 | Build | House |
| 20:43 | Research | Stone Mining |
| 20:44 | Research | Gold Mining |
| 20:45 | Create | Villager (Male) |
| 20:45 | Create | Villager (Male) |
| 20:56 | Create | Villager (Male) |
| 20:56 | Create | Villager (Male) |
| 20:58 | Build | Farm |
| 21:02 | Build | Farm |
| 21:07 | Research | Town Watch |
| 21:08 | Research | Wheelbarrow |
| 21:23 | Create | Villager (Male) |
| 21:23 | Create | Villager (Male) |
| 21:37 | Create | Villager (Male) |
| 21:37 | Create | Villager (Male) |
Build order — Ponfe
First 150 of 186 actions detected
| 0:02 | Build | House |
| 0:04 | Build | House |
| 0:05 | Create | Villager (Male) |
| 0:06 | Create | Villager (Male) |
| 0:06 | Create | Villager (Male) |
| 0:06 | Create | Villager (Male) |
| 1:29 | Create | Villager (Male) |
| 2:10 | Create | Villager (Male) |
| 2:11 | Create | Villager (Male) |
| 2:11 | Create | Villager (Male) |
| 2:26 | Build | Lumber Camp |
| 2:45 | Create | Villager (Male) |
| 2:45 | Create | Villager (Male) |
| 3:15 | Create | Villager (Male) |
| 3:26 | Create | Villager (Male) |
| 3:47 | Create | Villager (Male) |
| 3:54 | Build | House |
| 4:55 | Create | Villager (Male) |
| 5:25 | Create | Villager (Male) |
| 5:35 | Create | Villager (Male) |
| 5:35 | Create | Villager (Male) |
| 5:48 | Create | Villager (Male) |
| 5:56 | Build | House |
| 6:00 | Build | Mill |
| 6:15 | Create | Villager (Male) |
| 6:15 | Create | Villager (Male) |
| 6:15 | Create | Villager (Male) |
| 7:22 | Create | Villager (Male) |
| 7:28 | Build | Farm |
| 7:32 | Build | Farm |
| 7:33 | Build | Farm |
| 8:04 | Build | Mining Camp |
| 8:05 | Research | Feudal Age |
| 8:37 | Build | House |
| 8:57 | Build | Palisade Wall |
| 9:06 | Build | Palisade Gate |
| 9:52 | Create | Villager (Male) |
| 9:53 | Create | Villager (Male) |
| 10:21 | Build | Farm |
| 10:26 | Build | Farm |
| 11:00 | Age | Feudal Age |
| 11:19 | Build | Market |
| 11:20 | Build | Blacksmith |
| 11:41 | Build | House |
| 11:56 | Create | Villager (Male) |
| 12:17 | Research | Castle Age |
| 13:14 | Research | Double-Bit Axe |
| 13:17 | Build | Mining Camp |
| 13:23 | Research | Stone Mining |
| 13:23 | Research | Stone Mining |
| 14:26 | Create | Villager (Male) |
| 15:01 | Age | Castle Age |
| 15:42 | Build | Castle |
| 15:55 | Create | Villager (Male) |
| 15:55 | Create | Villager (Male) |
| 15:56 | Create | Villager (Male) |
| 16:04 | Research | Loom |
| 16:05 | Create | Villager (Male) |
| 16:33 | Create | Villager (Male) |
| 17:03 | Research | Horse Collar |
| 17:05 | Build | Farm |
| 17:06 | Build | Farm |
| 17:06 | Build | Farm |
| 17:06 | Build | Farm |
| 17:06 | Build | Farm |
| 17:07 | Build | Farm |
| 17:07 | Build | Farm |
| 17:07 | Build | Farm |
| 17:10 | Build | Farm |
| 17:24 | Research | Gold Mining |
| 17:36 | Create | Villager (Male) |
| 17:36 | Create | Villager (Male) |
| 17:37 | Create | Villager (Male) |
| 17:52 | Build | Siege Workshop |
| 18:27 | Create | Villager (Male) |
| 18:27 | Create | Villager (Male) |
| 18:28 | Create | Villager (Male) |
| 18:28 | Create | Villager (Male) |
| 20:32 | Create | Villager (Male) |
| 21:03 | Research | Imperial Age |
| 21:33 | Research | Bow Saw |
| 22:10 | Create | Villager (Male) |
| 22:23 | Research | Town Watch |
| 22:23 | Create | Villager (Male) |
| 22:33 | Create | Longbowman |
| 22:33 | Create | Longbowman |
| 22:38 | Create | Longbowman |
| 22:38 | Create | Longbowman |
| 22:40 | Create | Longbowman |
| 22:46 | Research | Fletching |
| 24:12 | Age | Imperial Age |
| 24:14 | Create | Trebuchet (Packed) |
| 24:39 | Create | Villager (Male) |
| 24:41 | Create | Villager (Male) |
| 24:45 | Build | House |
| 24:49 | Build | House |
| 24:53 | Create | Trebuchet (Packed) |
| 25:12 | Create | Trebuchet (Packed) |
| 26:26 | Create | Trebuchet (Packed) |
| 26:52 | Create | Longbowman |
| 26:53 | Create | Longbowman |
| 26:56 | Create | Longbowman |
| 27:03 | Research | Bodkin Arrow |
| 27:10 | Build | University |
| 27:12 | Create | Villager (Male) |
| 27:12 | Create | Villager (Male) |
| 27:12 | Create | Villager (Male) |
| 27:13 | Create | Villager (Male) |
| 27:13 | Create | Villager (Male) |
| 27:13 | Create | Villager (Male) |
| 27:48 | Create | Longbowman |
| 27:48 | Create | Longbowman |
| 27:48 | Create | Longbowman |
| 27:49 | Create | Longbowman |
| 27:49 | Create | Longbowman |
| 27:53 | Create | Longbowman |
| 27:53 | Create | Longbowman |
| 27:53 | Create | Longbowman |
| 27:58 | Build | Farm |
| 28:07 | Build | Lumber Camp |
| 28:18 | Create | Longbowman |
| 28:18 | Create | Longbowman |
| 28:20 | Research | Padded Archer Armor |
| 28:33 | Build | Farm |
| 28:45 | Build | Castle |
| 29:01 | Create | Villager (Male) |
| 29:01 | Create | Villager (Male) |
| 29:04 | Build | House |
| 29:04 | Build | House |
| 29:10 | Create | Longbowman |
| 29:10 | Create | Longbowman |
| 30:00 | Build | House |
| 30:03 | Create | Longbowman |
| 30:03 | Create | Longbowman |
| 30:05 | Create | Villager (Male) |
| 30:06 | Create | Villager (Male) |
| 30:34 | Build | Lumber Camp |
| 30:38 | Create | Longbowman |
| 30:39 | Create | Longbowman |
| 30:39 | Create | Longbowman |
| 30:42 | Research | Bracer |
| 31:02 | Build | House |
| 31:04 | Create | Villager (Male) |
| 31:04 | Create | Villager (Male) |
| 31:04 | Create | Villager (Male) |
| 31:29 | Create | Longbowman |
| 31:36 | Create | Longbowman |
| 31:36 | Create | Longbowman |
| 32:15 | Create | Villager (Male) |
| 32:16 | Build | House |
Build order — WARChris
First 150 of 195 actions detected
| 0:01 | Create | Villager (Male) |
| 0:01 | Create | Villager (Male) |
| 0:02 | Create | Villager (Male) |
| 0:02 | Build | House |
| 0:04 | Research | Loom |
| 0:07 | Build | House |
| 0:18 | Create | Villager (Male) |
| 0:18 | Create | Villager (Male) |
| 0:18 | Create | Villager (Male) |
| 1:39 | Create | Villager (Male) |
| 1:51 | Create | Villager (Male) |
| 2:21 | Build | Lumber Camp |
| 2:24 | Create | Villager (Male) |
| 2:24 | Create | Villager (Male) |
| 2:54 | Create | Villager (Male) |
| 3:11 | Create | Villager (Male) |
| 3:15 | Build | House |
| 3:23 | Create | Villager (Male) |
| 3:59 | Build | House |
| 4:05 | Create | Villager (Male) |
| 4:28 | Build | Palisade Wall |
| 4:39 | Create | Villager (Male) |
| 4:54 | Create | Villager (Male) |
| 5:02 | Create | Villager (Male) |
| 5:02 | Create | Villager (Male) |
| 5:05 | Build | Palisade Wall |
| 5:33 | Build | Palisade Wall |
| 5:35 | Create | Villager (Male) |
| 5:47 | Build | Palisade Wall |
| 5:54 | Create | Villager (Male) |
| 6:16 | Create | Villager (Male) |
| 6:22 | Build | Palisade Wall |
| 6:25 | Build | Mill |
| 6:47 | Create | Villager (Male) |
| 7:04 | Create | Villager (Male) |
| 7:13 | Create | Villager (Male) |
| 7:33 | Build | House |
| 8:30 | Research | Feudal Age |
| 9:33 | Build | Mining Camp |
| 9:37 | Build | Palisade Wall |
| 9:54 | Create | Villager (Male) |
| 10:09 | Create | Villager (Male) |
| 10:22 | Create | Villager (Male) |
| 10:22 | Create | Villager (Male) |
| 10:35 | Build | Palisade Wall |
| 10:42 | Age | Feudal Age |
| 10:55 | Build | Stone Wall |
| 10:59 | Create | Villager (Male) |
| 11:00 | Create | Villager (Male) |
| 11:17 | Create | Villager (Male) |
| 11:30 | Create | Villager (Male) |
| 11:33 | Build | House |
| 11:35 | Build | House |
| 11:39 | Research | Double-Bit Axe |
| 11:57 | Build | Stone Wall |
| 12:23 | Build | Mining Camp |
| 12:24 | Create | Villager (Male) |
| 12:38 | Build | Farm |
| 12:40 | Build | Farm |
| 12:40 | Build | Farm |
| 12:42 | Build | Farm |
| 12:47 | Build | Farm |
| 12:47 | Build | Farm |
| 12:52 | Create | Villager (Male) |
| 13:28 | Build | House |
| 13:37 | Create | Villager (Male) |
| 13:56 | Build | Market |
| 14:01 | Create | Villager (Male) |
| 14:38 | Build | Blacksmith |
| 15:03 | Research | Castle Age |
| 15:14 | Build | Farm |
| 15:17 | Build | Farm |
| 15:51 | Research | Gold Mining |
| 17:06 | Research | Horse Collar |
| 17:27 | Create | Villager (Male) |
| 17:27 | Create | Villager (Male) |
| 17:54 | Age | Castle Age |
| 17:59 | Research | Bow Saw |
| 18:02 | Research | Heavy Plow |
| 18:18 | Create | Villager (Male) |
| 18:38 | Build | Farm |
| 18:39 | Build | Farm |
| 18:39 | Build | Farm |
| 19:02 | Build | Castle |
| 19:06 | Create | Villager (Male) |
| 19:06 | Create | Villager (Male) |
| 19:17 | Build | House |
| 19:18 | Create | Villager (Male) |
| 19:36 | Build | House |
| 19:40 | Create | Villager (Male) |
| 19:54 | Research | Fletching |
| 19:56 | Create | Villager (Male) |
| 20:08 | Build | Gate |
| 20:13 | Create | Villager (Male) |
| 20:29 | Create | Plumed Archer ×4 |
| 20:42 | Create | Villager (Male) |
| 21:03 | Research | Bodkin Arrow |
| 21:08 | Create | Villager (Male) |
| 21:14 | Research | Padded Archer Armor |
| 21:14 | Create | Villager (Male) |
| 21:35 | Create | Villager (Male) |
| 21:44 | Create | Plumed Archer |
| 21:44 | Create | Plumed Archer |
| 21:49 | Build | Town Center |
| 21:54 | Create | Villager (Male) |
| 21:59 | Create | Plumed Archer |
| 22:00 | Create | Plumed Archer |
| 22:00 | Create | Villager (Male) |
| 22:00 | Create | Villager (Male) |
| 22:22 | Create | Plumed Archer |
| 22:28 | Create | Villager (Male) |
| 22:47 | Create | Plumed Archer |
| 22:47 | Create | Plumed Archer |
| 22:48 | Create | Villager (Male) |
| 22:48 | Create | Villager (Male) |
| 23:11 | Build | University |
| 23:12 | Create | Villager (Male) |
| 23:12 | Create | Villager (Male) |
| 23:14 | Create | Villager (Male) |
| 23:43 | Create | Villager (Male) |
| 23:43 | Create | Villager (Male) |
| 23:45 | Create | Plumed Archer ×5 |
| 24:01 | Create | Villager (Male) |
| 24:01 | Create | Villager (Male) |
| 24:39 | Create | Villager (Male) |
| 24:39 | Create | Villager (Male) |
| 24:48 | Research | Ballistics |
| 24:51 | Create | Villager (Male) |
| 24:56 | Build | House |
| 24:56 | Build | House |
| 24:57 | Build | House |
| 25:56 | Build | Castle |
| 26:11 | Research | Imperial Age |
| 26:12 | Create | Plumed Archer ×4 |
| 26:52 | Create | Villager (Male) |
| 26:52 | Create | Villager (Male) |
| 26:53 | Create | Plumed Archer ×3 |
| 27:07 | Create | Plumed Archer ×2 |
| 27:09 | Create | Villager (Male) |
| 27:24 | Build | Farm |
| 27:43 | Build | Mining Camp |
| 27:45 | Create | Plumed Archer |
| 27:54 | Create | Villager (Male) |
| 27:54 | Create | Villager (Male) |
| 27:54 | Create | Villager (Male) |
| 28:15 | Research | Leather Archer Armor |
| 28:17 | Create | Plumed Archer ×3 |
| 28:42 | Create | Villager (Male) |
| 28:42 | Create | Villager (Male) |
| 28:45 | Create | Villager (Male) |
Build order — Tigry
First 150 of 188 actions detected
| 0:00 | Create | Villager (Male) |
| 0:01 | Create | Villager (Male) |
| 0:02 | Build | House |
| 0:04 | Build | House |
| 0:05 | Create | Villager (Male) |
| 0:06 | Create | Villager (Male) |
| 1:19 | Create | Villager (Male) |
| 1:38 | Create | Villager (Male) |
| 2:16 | Create | Villager (Male) |
| 2:16 | Create | Villager (Male) |
| 2:32 | Create | Villager (Male) |
| 2:50 | Create | Villager (Male) |
| 2:56 | Create | Villager (Male) |
| 3:01 | Build | Lumber Camp |
| 3:12 | Create | Villager (Male) |
| 3:12 | Create | Villager (Male) |
| 3:35 | Create | Villager (Male) |
| 3:54 | Build | House |
| 4:06 | Create | Villager (Male) |
| 4:11 | Create | Villager (Male) |
| 4:11 | Create | Villager (Male) |
| 4:36 | Create | Villager (Male) |
| 4:37 | Create | Villager (Male) |
| 5:11 | Build | House |
| 5:15 | Create | Villager (Male) |
| 5:15 | Create | Villager (Male) |
| 5:31 | Build | Mill |
| 5:38 | Create | Villager (Male) |
| 5:58 | Create | Villager (Male) |
| 6:37 | Build | Mining Camp |
| 6:56 | Create | Villager (Male) |
| 7:08 | Build | House |
| 7:16 | Build | Palisade Wall |
| 7:36 | Research | Loom |
| 8:43 | Research | Feudal Age |
| 10:28 | Build | Palisade Gate |
| 10:47 | Build | Palisade Wall |
| 10:53 | Age | Feudal Age |
| 10:56 | Create | Villager (Male) |
| 10:56 | Create | Villager (Male) |
| 10:58 | Build | Market |
| 11:04 | Build | Blacksmith |
| 11:51 | Research | Castle Age |
| 13:40 | Research | Double-Bit Axe |
| 14:31 | Age | Castle Age |
| 14:33 | Build | Castle |
| 14:37 | Create | Villager (Male) |
| 14:38 | Create | Villager (Male) |
| 14:42 | Build | House |
| 14:47 | Create | Villager (Male) |
| 14:59 | Build | Mining Camp |
| 15:02 | Create | Villager (Male) |
| 15:05 | Build | Farm |
| 15:05 | Build | Farm |
| 15:06 | Build | Farm |
| 15:08 | Build | Farm |
| 15:11 | Build | Farm |
| 15:21 | Build | House |
| 15:26 | Build | House |
| 15:29 | Build | House |
| 15:36 | Build | House |
| 15:58 | Build | Lumber Camp |
| 16:09 | Build | Watch Tower |
| 16:14 | Build | Gate |
| 16:34 | Create | Janissary |
| 16:34 | Create | Janissary |
| 16:40 | Build | House |
| 17:08 | Create | Janissary |
| 17:11 | Create | Villager (Male) |
| 17:15 | Build | Farm |
| 17:18 | Build | Farm |
| 17:41 | Create | Villager (Male) |
| 17:49 | Build | Farm |
| 17:51 | Build | Farm |
| 17:57 | Build | Farm |
| 18:06 | Create | Villager (Male) |
| 18:13 | Create | Villager (Male) |
| 18:13 | Create | Villager (Male) |
| 18:15 | Build | Farm |
| 18:19 | Build | Farm |
| 18:38 | Build | Farm |
| 18:42 | Create | Villager (Male) |
| 19:00 | Build | Farm |
| 19:14 | Research | Horse Collar |
| 19:19 | Create | Villager (Male) |
| 19:26 | Build | Farm |
| 19:43 | Create | Villager (Male) |
| 20:12 | Create | Villager (Male) |
| 20:15 | Build | Farm |
| 20:18 | Build | Farm |
| 20:21 | Create | Villager (Male) |
| 20:39 | Build | Farm |
| 20:40 | Build | Farm |
| 20:50 | Build | Farm |
| 20:54 | Create | Villager (Male) |
| 20:58 | Research | Wheelbarrow |
| 21:54 | Build | Siege Workshop |
| 23:04 | Research | Imperial Age |
| 23:23 | Create | Villager (Male) |
| 23:29 | Create | Janissary |
| 23:51 | Research | Stone Mining |
| 23:54 | Research | Gold Mining |
| 24:01 | Create | Janissary |
| 24:23 | Create | Villager (Male) |
| 24:28 | Build | House |
| 24:32 | Create | Villager (Male) |
| 25:10 | Create | Janissary |
| 25:13 | Create | Villager (Male) |
| 25:56 | Build | Siege Workshop |
| 26:14 | Age | Imperial Age |
| 26:18 | Create | Bombard Cannon |
| 26:32 | Create | Villager (Male) |
| 26:37 | Create | Villager (Male) |
| 27:01 | Create | Bombard Cannon |
| 27:08 | Create | Villager (Male) |
| 27:14 | Create | Villager (Male) |
| 27:44 | Build | House |
| 27:46 | Build | House |
| 27:58 | Build | Castle |
| 28:01 | Create | Villager (Male) |
| 28:03 | Build | House |
| 28:06 | Build | House |
| 28:22 | Create | Villager (Male) |
| 28:25 | Build | House |
| 28:26 | Build | House |
| 28:43 | Create | Bombard Cannon |
| 28:52 | Research | Town Watch |
| 28:54 | Create | Villager (Male) |
| 29:03 | Create | Villager (Male) |
| 29:15 | Create | Villager (Male) |
| 29:20 | Build | Mining Camp |
| 29:51 | Create | Janissary |
| 29:52 | Research | Conscription |
| 30:26 | Build | Siege Workshop |
| 30:27 | Create | Janissary |
| 30:30 | Create | Villager (Male) |
| 30:32 | Create | Villager (Male) |
| 30:42 | Create | Janissary |
| 31:03 | Create | Janissary |
| 31:05 | Research | Padded Archer Armor |
| 31:07 | Create | Villager (Male) |
| 31:24 | Create | Janissary |
| 31:30 | Create | Bombard Cannon |
| 31:33 | Build | Mill |
| 31:52 | Create | Janissary |
| 32:00 | Create | Janissary |
| 32:21 | Create | Janissary |
| 32:30 | Create | Villager (Male) |
| 32:31 | Create | Villager (Male) |
| 32:48 | Create | Janissary |
Match timeline
| 4:28 | WARChris · wall_segment Palisade Wall x4 |
| 4:32 | Lukas_AoE · wall_segment Palisade Wall x7 |
| 5:05 | WARChris · wall_segment Palisade Wall x3 |
| 5:33 | WARChris · wall_segment Palisade Wall x1 |
| 5:47 | WARChris · wall_segment Palisade Wall x2 |
| 6:22 | WARChris · wall_segment Palisade Wall x1 |
| 6:32 | U Have Brain Lag · first_building Barracks |
| 7:16 | Tigry · wall_segment Palisade Wall x8 |
| 7:45 | U Have Brain Lag · wall_segment Palisade Wall x10 |
| 8:57 | Ponfe · wall_segment Palisade Wall x16 |
| 9:27 | ZZswitch · first_building Barracks |
| 9:35 | U Have Brain Lag · age_up feudal |
| 9:37 | WARChris · wall_segment Palisade Wall x9 |
| 9:51 | U Have Brain Lag · first_building Archery Range |
| 10:06 | Lukas_AoE · age_up feudal |
| 10:35 | WARChris · wall_segment Palisade Wall x2 |
| 10:42 | WARChris · age_up feudal |
| 10:47 | Tigry · wall_segment Palisade Wall x1 |
| 10:53 | Tigry · age_up feudal |
| 10:55 | WARChris · wall_segment Stone Wall x14 |
| 11:00 | Ponfe · age_up feudal |
| 11:37 | ZZswitch · age_up feudal |
| 11:48 | Tigry · first_market_sell 100 stone |
| 11:57 | WARChris · wall_segment Stone Wall x1 |
| 12:48 | Lukas_AoE · wall_segment Palisade Wall x2 |
| 12:58 | Lukas_AoE · wall_segment Palisade Wall x1 |
| 12:59 | Lukas_AoE · wall_segment Palisade Wall x1 |
| 12:59 | Lukas_AoE · wall_segment Palisade Wall x1 |
| 13:17 | Lukas_AoE · wall_segment Palisade Wall x5 |
| 13:28 | Lukas_AoE · wall_segment Palisade Wall x1 |
| 14:01 | Lukas_AoE · age_up castle |
| 14:31 | Tigry · age_up castle |
| 14:33 | Tigry · first_building Castle |
| 15:01 | Ponfe · age_up castle |
| 15:17 | Ponfe · first_market_buy 100 stone |
| 15:39 | ZZswitch · first_market_buy 100 stone |
| 15:42 | Ponfe · first_building Castle |
| 16:02 | Ponfe · first_market_sell 100 wood |
| 16:18 | ZZswitch · age_up castle |
| 17:06 | Tigry · first_market_buy 100 food |
| 17:52 | Ponfe · first_building Siege Workshop |
| 17:54 | WARChris · age_up castle |
| 18:49 | WARChris · first_market_buy 100 stone |
| 19:02 | WARChris · first_building Castle |
| 20:13 | U Have Brain Lag · first_market_buy 100 food |
| 20:38 | U Have Brain Lag · first_market_sell 100 wood |
| 21:54 | Tigry · first_building Siege Workshop |
| 22:26 | Lukas_AoE · first_market_buy 100 stone |
| 22:29 | Lukas_AoE · first_building Castle |
| 23:17 | ZZswitch · first_building Stable |
| 23:19 | U Have Brain Lag · age_up castle |
| 23:32 | U Have Brain Lag · first_building Castle |
| 23:46 | Lukas_AoE · first_market_sell 100 food |
| 24:12 | Ponfe · age_up imperial |
| 24:27 | ZZswitch · first_building Monastery |
| 24:32 | Lukas_AoE · first_building Barracks |
| 26:14 | Tigry · age_up imperial |
| 26:22 | ZZswitch · first_market_sell 100 stone |
| 27:38 | Lukas_AoE · age_up imperial |
| 28:15 | U Have Brain Lag · first_building Stable |
| 28:16 | ZZswitch · first_building Castle |
| 29:21 | WARChris · age_up imperial |
| 29:32 | ZZswitch · age_up imperial |
| 31:13 | WARChris · first_building Barracks |
| 31:47 | U Have Brain Lag · age_up imperial |
| 33:52 | WARChris · first_building Archery Range |
| 36:26 | Ponfe · wall_segment Stone Wall x17 |
| 36:34 | ZZswitch · resign |
[ AI ANALYSIS · 1 CREDIT ]
What really happened in this match?
Wolo.gg analyzes every decision: build order, eco, micro, common mistakes by bracket. Personalized analysis on WhatsApp or Discord in 30 seconds.
Civ guide
Japanese
Perfil
Jugador #516298